 Dungeon Crawl Stone Soup version 0.25-a0-292-gaa31f046c4 (webtiles) character file.

Game seed: 13389876306925676981, levelgen mode: deterministic

272 MoonlitKnight the Poker (level 6, -18/48 HPs)
             Began as a Merfolk Skald on Dec 15, 2019.
             Was an Initiate of Ashenzari.
             Demolished by an ogre
             ... wielding a +0 giant club
              (20 damage)
             ... on level 3 of the Dungeon.
             The game lasted 00:08:30 (4195 turns).

MoonlitKnight the Poker (Merfolk Skald)             Turns: 4195, Time: 00:08:30

Health: -18/48     AC:  8    Str: 12    XL:     6   Next: 23%
Magic:  9/9        EV: 12    Int: 13    God:    Ashenzari [......]
Gold:   136        SH:  0    Dex: 14    Spells: 3/9 levels left

rFire    . . .     SeeInvis .   a - +0 spear
rCold    . . .     Gourm    .   (no shield)
rNeg     . . .     Faith    .   l - +0 ring mail
rPois    .         Spirit   .   (no helmet)
rElec    .         Reflect  .   (no cloak)
rCorr    .         Harm     .   p - +2 pair of gloves (curse)
MR       .....                  (no boots)
Stlth    +.........             (no amulet)
HPRegen  0.16/turn              (no ring)
MPRegen  0.11/turn              (no ring)

@: no status effects
A: change form in water, swift swim, stealthy swim
a: Curse Item, Renounce Religion


You were on level 3 of the Dungeon.
You worshipped Ashenzari.
Ashenzari was noncommittal.
You were not hungry.

You visited 1 branch of the dungeon, and saw 5 of its levels.

You collected 136 gold pieces.

Inventory:

Hand Weapons
 a - a +0 spear (weapon)
Missiles
 g - 16 poisoned darts (quivered)
 h - 11 javelins
 j - 41 sling bullets
Armour
 b - a +0 leather armour
 l - a +0 ring mail (worn)
 p - a cursed +2 pair of gloves (worn)
Jewellery
 e - an uncursed ring of ice
 u - an uncursed ring of protection from magic
Wands
 n - a wand of digging (2)
Scrolls
 k - 2 scrolls of identify
 o - a scroll of immolation {unknown}
 q - a scroll of remove curse
 s - a scroll of blinking {unknown}
 t - 2 scrolls of magic mapping {unknown}
Potions
 c - a potion of heal wounds
 f - a potion of magic {unknown}
 m - 3 potions of haste
 r - a potion of curing
Comestibles
 d - 6 rations
 i - 2 chunks of flesh


   Skills:
 + Level 3.9 Fighting
 * Level 6.8 Polearms
 - Level 0.6 Armour
 + Level 4.7 Dodging
 - Level 2.0 Spellcasting
 - Level 3.2 Charms


You had 3 spell levels left.
You knew the following spells:

 Your Spells              Type           Power        Failure   Level  Hunger
a - Infusion              Chrm           #...         16%         1    ##.....
b - Shroud of Golubria    Chrm/Tloc      #.....       41%         2    ###....
c - Spectral Weapon       Hex/Chrm       #.......     65%         3    ####...

Your spell library contained the following spells:

 Spells                   Type           Power        Failure   Level  Hunger
 Song of Slaying          Chrm           #.......     22%         2    ###....
 Regeneration             Chrm/Necr      #.........   65%         3    ####...


Dungeon Overview and Level Annotations

Branches:
Dungeon (5/15)
 Temple: D:4-7

Altars:
Ashenzari
Hepliaklqana
Qazlal
Sif Muna
Vehumet
Xom
Yredelemnul

Annotations:
D:2 1 exclusion


Message History

There is a stone staircase leading down here.
The phantom blinks!
The phantom blinks!
Throwing (i - inventory. (/) - cycle)
g - 17 poisoned darts (quivered)
Press: ? - help, Shift-Dir - straight line, f - ogre
Aim: an ogre, wielding a +0 giant club You throw a poisoned dart.
The poisoned dart hits the ogre.
The ogre hits you with a +0 giant club!
The phantom blinks!
The ogre hits you with a +0 giant club!
* * * LOW HITPOINT WARNING * * *
There is a stone staircase leading up here.
The ogre closely misses you.
You climb upwards.
There is a stone staircase leading down here.
As you read the scroll labeled BOGEMU BAV WOE, it crumbles to dust.
It is a scroll of identify.
m - 3 potions of haste The ogre hits you with a +0 giant club!!
You die...

........## ##..#.....#.#..#.# #
...#....####...####..#.#..#.# #
#..............##.#..#.#..#.# #
#.##..#...........#..#.#..#.# #
.....................#.#..#.#####
#.#.#.#.###..#.#.....#.#..#.#....
#.#...#.#....#.#..#..#.#..#.#.###
#.#####.#....#.####.##.#..#.#.###
...........^....@.........#......
.#######.#.#.#.#O####............
.....#..............#..#..#.#.##.
#.##.#.#.#.#)#...#####'#....#.##.
#..........#.###.###...#.......#.
#......#.###.#####_..###########.
#......#.# #.)).##.8.####........
##.....#.# ######..._#F##########
.#.....#.# #..#.#####Z#


You could see an ogre.

Vanquished Creatures
  An orc priest (D:3)
  A hound (D:3)
  Natasha (twice) (D:4)
  2 orc wizards (D:3)
  4 adders (D:3)
  A worm (D:2)
  A dart slug (D:1)
  3 leopard geckos
  8 orcs (D:3)
  3 giant cockroaches
  2 gnoll zombies (D:3)
  8 goblins
  5 hobgoblins
  2 jackals (D:1)
  5 kobolds
  2 quokkas
  A ball python (D:2)
  5 bats
  A frilled lizard (D:3)
  7 rats (D:1)
64 creatures vanquished.

Notes
Turn   | Place    | Note
-------+----------+-------------------------------------------
     0 | D:1      | MoonlitKnight the Merfolk Skald began the quest for the
                  | Orb.
     0 | D:1      | Reached XP level 1. HP: 16/16 MP: 3/3
   170 | D:1      | Reached XP level 2. HP: 17/23 MP: 3/5
   449 | D:1      | Reached skill level 4 in Polearms
   884 | D:1      | Reached XP level 3. HP: 28/28 MP: 6/6
  2366 | D:3      | Learned a level 2 spell: Shroud of Golubria
  2370 | D:3      | Learned a level 3 spell: Spectral Weapon
  2481 | D:3      | Found a shimmering altar of Xom.
  2482 | D:3      | Found a hazy altar of Hepliaklqana.
  2482 | D:3      | Noticed a bullfrog
  2483 | D:3      | Noticed a bullfrog
  2483 | D:3      | Noticed a spectral ugly thing
  2546 | D:3      | Reached skill level 5 in Polearms
  2546 | D:3      | Reached XP level 4. HP: 26/35 MP: 1/7
  2720 | D:3      | Reached XP level 5. HP: 38/41 MP: 8/8
  2796 | D:3      | Found a shimmering blue altar of Sif Muna.
  3080 | D:3      | Reached skill level 6 in Polearms
  3327 | D:3      | Found a shattered altar of Ashenzari.
  3332 | D:3      | Found a stormy altar of Qazlal.
  3337 | D:3      | Found a radiant altar of Vehumet.
  3486 | D:3      | Became a worshipper of Ashenzari the Shackled
  3601 | D:3      | Found a basalt altar of Yredelemnul.
  3990 | D:4      | Noticed Natasha
  4006 | D:4      | Killed Natasha
  4006 | D:4      | Reached XP level 6. HP: 23/48 MP: 9/9
  4011 | D:4      | Noticed Natasha
  4026 | D:4      | Killed Natasha
  4135 | D:4      | Noticed a phantom
  4170 | D:5      | Entered Level 5 of the Dungeon
  4189 | D:4      | HP: 1/48 [ogre/+0 giant club (16)]
  4195 | D:3      | Demolished by an ogre

Levels and vault maps discovered:
D:1:      onia_arrival_pyramid, layout_basic, minmay_misc_feat_doors,
          minmay_pentomino_w4
D:2:      layout_loops_corners, first_ration,
          wander_ebering_terrifying_dragon_lair
D:3:      layout_basic, regret_index_temple_of_mockery,
          lemuel_zombie_altar_yredelemnul, minmay_overflow_temple_star_quad,
          led_sif_pool
D:4:      layout_basic, overflow_temple_1_default, uniq_natasha
D:5:      layout_cave_pools, gammafunk_ghost_icy, uniq_grinder

Skill      XL: |  1  2  3  4  5 |
---------------+----------------+-----
Dodging        | 3 4 |  4.7
Polearms       | 4 5 6 |  6.8
Fighting       | 3 |  3.9
Armour         | |  0.6
Spellcasting   | |  2.0
Charms         | |  3.2

Action                   |  1- 3 |  4- 6 || total
-------------------------+-------+-------++-------
Melee: Spear             |   164 |   166 ||   330
Throw: Dart              |       |    15 ||    15
 Cast: Infusion          |     2 |     1 ||     3
       Shroud of Golubri |       |     1 ||     1
Invok: Curse Item        |       |     1 ||     1
  Use: Scroll            |       |     1 ||     1
 Stab: Distracted        |       |     2 ||     2
  Eat: Chunk             |     5 |     6 ||    11
Armor: Leather armour    |    23 |       ||    23
       Ring mail         |    20 |    42 ||    62
Dodge: Dodged            |    79 |    53 ||   132

Table legend:
 A = Non-vault XP
 B = Vault XP
 C = Vault XP percentage of total XP
 D = Non-vault monster count
 E = Vault monster count
 F = Vault count percentage of total count
                 A         B        C        D         E       F
            +---------+---------+-------+---------+---------+-------
      Total |     342 |      47 |  12.1 |      56 |       8 |  12.5
            +---------+---------+-------+---------+---------+-------
        D:1 |      26 |       9 |  25.7 |      17 |       5 |  22.7
        D:2 |      23 |       0 |   0.0 |      10 |       0 |   0.0
        D:3 |     252 |       3 |   1.2 |      26 |       2 |   7.1
        D:4 |      41 |      35 |  46.1 |       3 |       1 |  25.0
            +---------+---------+-------+---------+---------+-------
